 Dungeon Crawl Stone Soup version 0.24-a0-189-g5d897e9104 (webtiles) character file.

Game seed: 18176649969231986005

914 MrRokkomies the Sneak (level 8, -4/50 HPs)
             Began as an Octopode Assassin on Mar 17, 2019.
             Slain by an orc warrior
             ... wielding a +0 flail
              (20 damage)
             ... on level 5 of the Dungeon.
             The game lasted 00:15:19 (4781 turns).

MrRokkomies the Sneak (Octopode Assassin)           Turns: 4781, Time: 00:15:19

Health: -4/50      AC:  1    Str: 11    XL:     8   Next: 9%
Magic:  8/8        EV: 15    Int: 13    God:
Gold:   255        SH:  0    Dex: 15    Spells: 5/7 levels left

rFire    + . .     SeeInvis .   a - +0 whip (elec)
rCold    + . .     Gourm    .   (no shield)
rNeg     . . .     Faith    .   (helmet restricted)
rPois    .         Spirit   .   (no amulet)
rElec    .         Reflect  .   o - ring of protection from cold
rCorr    .         Harm     .   r - ring of protection from fire (curse)
MR       .....                  p - ring of wizardry
Stlth    ++++......             (no ring)
HPRegen  0.16/turn              (no ring)
MPRegen  0.11/turn              (no ring)
                                (no ring)
                                (no ring)

@: about to teleport
A: almost no armour, stealthy swim, amphibious, 8 rings, constrict 8, camouflage
1, gelatinous body 1
a: no special abilities


You were on level 5 of the Dungeon.
You were not hungry.

You visited 1 branch of the dungeon, and saw 6 of its levels.

You collected 310 gold pieces.
You spent 55 gold pieces at shops.

Inventory:

Hand Weapons
 a - a +0 whip of electrocution (weapon)
 b - a +1 blowgun
 e - a +2 dagger
 k - a +5 short sword
Missiles
 c - 52 poisoned needles
 d - 2 curare-tipped needles
 g - 10 tomahawks
 h - 129 stones (quivered)
 q - 5 poisoned tomahawks
Jewellery
 o - a ring of protection from cold (left tentacle)
 p - a ring of wizardry (on tentacle)
 r - a cursed ring of protection from fire (right tentacle)
Wands
 u - a wand of paralysis (10)
Scrolls
 i - 2 scrolls of identify
 l - a scroll of random uselessness {unknown}
 m - a scroll of magic mapping
Potions
 j - 2 potions of heal wounds
 n - a potion of ambrosia
 s - 2 potions of mutation {unknown}
 v - a potion of agility {unknown}
 w - a potion of curing
Comestibles
 f - 11 rations
 x - 3 chunks of flesh


   Skills:
 - Level 2.0 Fighting
 - Level 2.0 Short Blades
 - Level 3.0 Maces & Flails
 - Level 5.0 Throwing
 - Level 4.0 Dodging
 - Level 5.3 Stealth
 * Level 4.0 Hexes
 * Level 3.3 Ice Magic


You had 5 spell levels left.
You knew the following spells:

 Your Spells              Type           Power        Failure   Level  Hunger
a - Ensorcelled Hibernat  Hex/Ice        #.....       4%          2    ###....

Your spell library contained the following spells:

 Spells                   Type           Power        Failure   Level  Hunger
 Corona                   Hex            ##.....      2%          1    ##.....
 Confuse                  Hex            ##......     8%          3    ####...
 Tukima's Dance           Hex            ##......     8%          3    ####...
 Dazzling Spray           Conj/Hex       #.....       16%         3    ####...


Dungeon Overview and Level Annotations

Branches:
Dungeon (6/15)
 Temple: D:4-7

Altars:
Ashenzari
Cheibriados
Kikubaaqudgha
Makhleb
Okawaru
Ru
Uskayaw
Vehumet

Shops:
D:4 !


Innate Abilities, Weirdness & Mutations

You cannot wear most types of armour.
You are very stealthy in the water. (Stealth+)
You are amphibious.
You can wear up to eight rings at the same time.
You can use your tentacles to constrict eight enemies at once.
Your skin changes colour to match your surroundings (Stealth+).
Your rubbery body absorbs attacks. (AC +1, EV +1)


Message History

The jackal barely misses you. The sky beast closely misses you.
The jackal bites you. x2; The sky beast hits you.
The sky beast shocks you. The jackal closely misses you.
There is a stone staircase leading up here.
Unknown command.
The quokka closely misses you. The jackal completely misses you.
The jackal closely misses you. The sky beast hits you.
The sky beast shocks you.
You climb upwards.
There is a stone staircase leading down, spattered with blood here.
Unknown command.
As you read the scroll of teleportation, it crumbles to dust.
You feel strangely unstable.
The jackal bites you but does no damage.
The orc warrior hits you with a +0 flail.
You barely miss the jackal. Your grab misses the jackal. The jackal bites you.
The jackal bites you but does no damage.
You closely miss the jackal. Your grab misses the jackal.
The orc warrior hits you with a +0 flail!!
You die...

#########.#..# #.# #.#..# #.#
#.#..# #.# #.#..# #.#
#########.#..# #####.##########
.)...........#####...............
#########..............##########
####.#####Y##### #..rh@oh#
#########


You could see an orc warrior, a sky beast, a quokka and 2 jackals.

Vanquished Creatures
  Sigmund (D:2)
  2 ogres (D:5)
  A big kobold (D:4)
  A scorpion (D:4)
  An orc priest (D:3)
  3 orc wizards
  Natasha (D:2)
  An iguana (D:5)
  3 worker ants
  4 gnolls (D:2)
  9 adders
  A shadow imp (D:5)
  3 oozes
  An adder skeleton (D:5)
  2 worms
  2 dart slugs
  A leopard gecko (D:1)
  12 orcs
  A ball python (D:1)
  5 bats
  A giant cockroach (D:4)
  7 hobgoblins
  8 jackals
  4 quokkas
  4 frilled lizards
  3 goblins
  2 jackal skeletons
  23 kobolds
  5 rats
112 creatures vanquished.

Notes
Turn   | Place    | Note
-------+----------+-------------------------------------------
     0 | D:1      | MrRokkomies the Octopode Assassin began the quest for the
                  | Orb.
     0 | D:1      | Reached XP level 1. HP: 14/14 MP: 1/1
   147 | D:1      | Reached XP level 2. HP: 19/19 MP: 2/2
   513 | D:1      | Reached XP level 3. HP: 24/24 MP: 3/3
   900 | D:2      | Reached skill level 1 in Maces & Flails
   949 | D:2      | Noticed Natasha
   955 | D:2      | Killed Natasha
   998 | D:2      | Reached XP level 4. HP: 26/29 MP: 4/4
  1278 | D:2      | Reached XP level 5. HP: 32/34 MP: 5/5
  1364 | D:2      | Noticed Sigmund
  1375 | D:2      | Killed Sigmund
  1375 | D:2      | Reached XP level 6. HP: 38/39 MP: 6/6
  1532 | D:2      | Found a burning altar of Makhleb.
  1532 | D:2      | Found a radiant altar of Vehumet.
  1743 | D:3      | Found a shattered altar of Ashenzari.
  2000 | D:3      | Learned a level 2 spell: Ensorcelled Hibernation
  2035 | D:3      | Found a snail-covered altar of Cheibriados.
  2464 | D:4      | Reached skill level 1 in Hexes
  2464 | D:4      | Reached XP level 7. HP: 39/45 MP: 7/7
  2896 | D:4      | Reached skill level 5 in Throwing
  2934 | D:4      | Reached skill level 1 in Ice Magic
  3342 | D:4      | Found Tazxica's Distillery.
  3350 | D:4      | Bought a potion of heal wounds for 55 gold pieces
  3749 | D:5      | Entered Level 5 of the Dungeon
  3955 | D:5      | Found a sacrificial altar of Ru.
  4102 | D:5      | Found an iron altar of Okawaru.
  4102 | D:5      | Found a hide-covered altar of Uskayaw.
  4103 | D:5      | Found an ancient bone altar of Kikubaaqudgha.
  4334 | D:5      | Reached XP level 8. HP: 39/50 MP: 8/8
  4781 | D:5      | Slain by an orc warrior

Levels and vault maps discovered:
D:1:      minmay_arrival_split_and_join, layout_loops_ring
D:2:      layout_basic, gammafunk_temple_overflow_statue, uniq_sigmund,
          uniq_natasha
D:3:      layout_loops_ring, lemuel_crystal_altar, lemuel_coloured_pillars_altar
D:4:      kennysheep_kobold_camp, layout_loops_ring, serial_shops, shop,
          first_ration, serial_bayou_lagoon_a
D:5:      layout_loops_ring, nicolae_ru_the_path_less_chosen,
          gammafunk_temple_overflow_forgotten, kennysheep_generic_room_11
D:6:      layout_cave_pools, nemelex_xobeh_ov_fountains_minmay

Skill      XL: |  1  2  3  4  5  6  7  8 |
---------------+-------------------------+-----
Dodging        | 2 3 4 |  4.0
Maces & Flails | 1 2 3 |  3.0
Throwing       | 3 4 5 |  5.0
Hexes          | 1 3 4 |  4.0
Ice Magic      | 3 |  3.3
Fighting       | |  2.0
Short Blades   | |  2.0
Stealth        | |  5.3

Action                   |  1- 3 |  4- 6 |  7- 9 || total
-------------------------+-------+-------+-------++-------
Melee: Whip              |    34 |    80 |   108 ||   222
       Tentacles         |     4 |    11 |    20 ||    35
       Constrict         |     9 |    24 |    25 ||    58
 Fire: Blowgun           |     6 |     6 |    22 ||    34
Throw: Stone             |       |       |     9 ||     9
       Throwing net      |       |       |     1 ||     1
  Use: Scroll            |     2 |     7 |     2 ||    11
       Potion            |       |     2 |       ||     2
 Stab: Sleeping          |    14 |    10 |     6 ||    30
  Eat: Chunk             |       |     4 |     5 ||     9
       Ration            |       |       |     1 ||     1
Armor: Skin              |     2 |       |    11 ||    13
Dodge: Dodged            |    12 |    39 |    71 ||   122

Table legend:
 A = Non-vault XP
 B = Vault XP
 C = Vault XP percentage of total XP
 D = Non-vault monster count
 E = Vault monster count
 F = Vault count percentage of total count
                 A         B        C        D         E       F
            +---------+---------+-------+---------+---------+-------
      Total |     897 |     410 |  31.4 |      88 |      24 |  21.4
            +---------+---------+-------+---------+---------+-------
        D:1 |      35 |       0 |   0.0 |      14 |       0 |   0.0
        D:2 |     131 |     256 |  66.1 |      18 |       2 |  10.0
        D:3 |     100 |       0 |   0.0 |      21 |       0 |   0.0
        D:4 |     253 |     121 |  32.4 |      21 |      21 |  50.0
        D:5 |     378 |      33 |   8.0 |      14 |       1 |   6.7
            +---------+---------+-------+---------+---------+-------
